Map: Eternal Empire LE

Players

Serral - Winner!

  • Race: Zerg Zerg
  • League: Master
  • Spawn Location: 1:00

ShoWTimE

  • Race: Protoss Protoss
  • Spawn Location: 7:00

Event: DreamHack SC2 Masters 2020 Summer Europe

VOD

Have the link to the VOD?

Description

Time

  • Played on: July 7, 2020, 2:50 p.m.
  • Length: 17:19

All games in this series

Show
View Real Time Build Order
Export as new Build Order

Serral Zerg - Winner!

Build Orders: Hatch First, Muta Ling Bane 

Get SALT Encoding   

  12  0:00  Drone  
  13  0:12  Overlord  
  13  0:17  Drone  
  14  0:31  Drone x2  
  16  0:48  Hatchery  
  15  0:51  Drone  
  15  0:54  Drone  
  17  0:58  Drone  
  18  1:09  Extractor  
  17  1:14  Spawning Pool  
  17  1:18  Drone  
  17  1:21  Drone  
  18  1:29  Drone  
  19  1:39  Drone  
  20  1:49  Overlord  
  20  2:00  Queen x2  
  24  2:01  Zergling x4  
  26  2:11  Drone  
  26  2:12  Drone  
  26  2:13  Metabolic Boost  
  28  2:23  Drone x2  
  30  2:33  Drone x2  
  32  2:40  Hatchery  
  31  2:48  Queen  
  33  2:54  Overlord  
  33  2:57  Zergling x4  
  35  2:59  Drone  
  35  3:13  Drone  
  35  3:14  Drone x3, Overlord  
  35  3:17  Drone  
  40  3:22  Zergling x2  
  40  3:24  Queen  
  43  3:30  Drone, Spore Crawler  
  43  3:37  Drone x2  
  43  3:38  Spore Crawler  
  44  3:44  Drone x2  
  44  3:45  Overlord  
  44  3:46  Zergling x2  
  44  3:48  Drone  
  48  3:52  Queen  
  48  3:53  Drone  
  48  3:55  Drone  
  52  3:58  Drone x2  
  54  4:04  Drone  
  54  4:07  Drone x2, Spore Crawler  
  54  4:09  Drone  
  57  4:13  Spore Crawler  
  57  4:14  Drone x3  
  60  4:19  Overlord  
  60  4:20  Drone  
  60  4:22  Drone x2  
  63  4:28  Zergling x2  
  64  4:32  Lair, Spore Crawler  
  64  4:33  Drone x2  
  64  4:35  Extractor  
  64  4:39  Roach Warren, Drone  
  64  4:42  Overlord  
  64  4:43  Drone x2  
  67  4:45  Drone  
  67  4:48  Drone x2  
  69  4:56  Extractor  
  69  4:57  Overlord  
  69  4:58  Evolution Chamber  
  69  4:59  Overlord  
  67  5:01  Drone x4  
  67  5:05  Overlord  
  71  5:08  Drone x2  
  73  5:19  Drone x4  
  73  5:20  Drone  
  77  5:23  Drone x3  
  77  5:25  Hatchery  
  77  5:26  Zerg Melee Weapons Level 1  
  78  5:30  Extractor  
  78  5:31  Extractor  
  78  5:32  Drone  
  78  5:33  Hydralisk Den, Drone  
  77  5:36  Drone x2  
  77  5:39  Extractor  
  77  5:40  Overseer  
  77  5:41  Drone x3  
  81  5:49  Drone  
  80  5:51  Drone x5  
  80  5:55  Overlord  
  85  6:01  Overlord, Spire  
  84  6:06  Glial Reconstitution  
  84  6:08  Roach x3  
  84  6:10  Pneumatized Carapace  
  89  6:12  Overseer  
  89  6:16  Unknown  
  88  6:19  Drone x3  
  88  6:20  Drone x3  
  88  6:24  Roach x3  
  100  6:27  Roach  
  100  6:29  Overlord  
  100  6:32  Roach x3  
  110  6:40  Ravager x3  
  110  6:44  Drone x4  
  111  6:48  Drone, Queen  
  111  6:50  Roach x2, Zergling x6  
  111  6:54  Zergling x6  
  123  6:57  Roach x2  
  128  7:02  Overlord  
  128  7:05  Overlord x2  
  128  7:08  Baneling Nest  
  127  7:14  Roach  
  127  7:17  Overlord, Ravager  
  127  7:21  Drone x2, Overlord  
  127  7:22  Roach x3  
  136  7:24  Overlord  
  136  7:25  Drone x3  
  135  7:30  Drone  
  136  7:37  Drone x3  
  136  7:38  Overlord  
  136  7:42  Overlord  
  139  8:00  Hatchery, Mutalisk x10  
  139  8:04  Mutalisk x2  
  161  8:07  Centrifical Hooks  
  161  8:10  Overlord  
  161  8:12  Baneling x9  
  161  8:15  Zergling x6  
  163  8:21  Zergling x4  
  163  8:22  Zergling x8  
  169  8:30  Zergling x18  
  176  8:35  Infestation Pit  
  176  8:36  Drone x3  
  176  8:37  Drone, Ravager  
  176  8:38  Ravager  
  180  8:42  Mutalisk x3  
  180  8:46  Baneling x6  
  180  8:47  Zergling x2  
  187  8:52  Zergling x8  
  191  9:02  Zergling x12  
  195  9:12  Baneling x16  
  195  9:14  Zergling x2  
  195  9:15  Zergling x8  
  199  9:25  Zergling x6  
  200  9:38  Baneling x14  
  197  9:43  Baneling x11  
  197  9:50  Zerg Melee Weapons Level 2  
  197  9:51  Zergling x6  
  200  9:53  Grooved Spines  
  191  10:03  Zergling x16  
  197  10:09  Hive  
  197  10:12  Zergling x2  
  197  10:13  Zergling x14  
  198  10:29  Zergling x2  
  198  10:30  Zergling x2  
  200  10:36  Spore Crawler  
  200  10:37  Drone  
  200  10:45  Drone x2  
  195  10:54  Zergling x24  
  195  10:55  Zergling x2  
  190  11:04  Zergling x20, Muscular Augments  
  190  11:15  Evolution Chamber  
  190  11:16  Zergling x20  
  181  11:35  Mutalisk x11  
  191  11:47  Zerg Missile Weapons Level 1  
  191  11:48  Adrenal Glands  
  191  11:52  Baneling x45  
  191  11:53  Baneling  
  187  11:57  Drone x3, Spine Crawler x2  
  187  11:58  Drone x2, Spine Crawler  
  187  12:00  Spine Crawler  
  187  12:01  Spine Crawler  
  187  12:02  Zergling x20  
  187  12:06  Hatchery  
  196  12:11  Zergling x8  
  199  12:17  Zerg Melee Weapons Level 3  
  199  12:29  Zergling x2  
  199  12:30  Zergling x6  
  197  12:37  Drone  
  197  12:38  Drone  
  197  12:45  Baneling  
  197  12:46  Baneling x12  
  197  12:52  Drone  
  197  12:58  Zergling x32  
  198  13:01  Zergling x16  
  185  13:07  Zergling x24  
  183  13:15  Hatchery  
  183  13:18  Zergling x16  
  179  13:26  Baneling x15  
  179  13:27  Baneling x6  
  175  13:32  Zergling x30  
  188  13:36  Ravager x5  
  188  13:37  Baneling x21  
  193  13:44  Zerg Ground Armor Level 1  
  193  13:46  Greater Spire  
  193  13:48  Drone x2  
  193  13:49  Drone x2  
  193  13:51  Unknown  
  196  14:01  Baneling x7  
  195  14:10  Zergling x10  
  194  14:29  Zergling x40  
  186  14:36  Zergling x6  
  186  14:37  Zergling x34  
  181  14:49  Zergling x16  
  189  14:54  Zerg Missile Weapons Level 2  
  189  14:56  Baneling  
  189  14:57  Baneling x13  
  189  14:58  Baneling x16  
  189  15:04  Zergling x22  
  200  15:09  Zerg Flyer Weapons Level 1  
  200  15:12  Baneling x15  
  199  15:24  Baneling x2  
  199  15:25  Baneling x24  
  199  15:26  Baneling  
  193  15:37  Drone x7  
  194  15:45  Drone  
  194  15:47  Corruptor x3  
  189  16:13  Corruptor x5  
  192  16:24  Zergling x30  
  183  16:27  Zergling x26  
  183  16:31  Brood Lord x2  
  193  16:33  Extractor x2  
  193  16:35  Brood Lord  
  193  16:36  Drone x3  
  193  16:39  Spore Crawler  
  194  16:47  Brood Lord x2  
  194  16:49  Baneling x8  
  198  16:57  Extractor x2  
Show
View Real Time Build Order
Export as new Build Order

ShoWTimE Protoss 

Build Orders: 1 Gate Expand, Oracle Opening, Zealot Archon 

Get SALT Encoding   

  12  0:00  Probe  
  13  0:12  Probe  
  14  0:18  Pylon  
  14  0:24  Probe  
  15  0:32  Probe  
  15  0:39  Gateway  
  15  0:40  Probe  
  16  0:47  Assimilator  
  17  0:51  Probe  
  18  1:03  Probe  
  19  1:15  Probe  
  20  1:24  Nexus  
  20  1:34  Cybernetics Core  
  20  1:36  Probe  
  21  1:43  Assimilator  
  21  1:48  Probe  
  21  1:52  Pylon  
  22  2:00  Adept  
  22  2:01  Probe  
  23  2:13  Probe  
  26  2:20  Stargate  
  26  2:21  Adept  
  26  2:25  Probe  
  27  2:33  Probe  
  27  2:36  Warp Gate  
  29  2:37  Probe  
  29  2:41  Probe  
  31  2:49  Probe  
  31  2:50  Adept  
  33  2:51  Probe  
  33  2:55  Oracle  
  36  3:01  Probe  
  36  3:03  Probe  
  38  3:10  Pylon  
  41  3:13  Probe  
  41  3:15  Probe  
  43  3:20  Adept  
  43  3:24  Gateway  
  43  3:25  Probe  
  46  3:28  Probe  
  46  3:31  Oracle  
  47  3:37  Probe  
  47  3:40  Probe  
  52  3:46  Pylon  
  52  3:49  Probe  
  52  3:52  Probe  
  54  4:00  Oracle, Pylon  
  54  4:04  Probe  
  54  4:06  Nexus, Probe  
  59  4:19  Assimilator, Probe  
  59  4:23  Assimilator  
  60  4:24  Probe  
  60  4:27  Robotics Facility  
  60  4:31  Probe  
  62  4:34  Pylon  
  62  4:35  Stalker  
  62  4:36  Probe  
  65  4:43  Probe  
  65  4:44  Forge  
  65  4:45  Gateway  
  66  4:49  Probe  
  67  4:55  Shield Battery  
  67  4:59  Probe  
  68  5:00  Sentry x2  
  68  5:05  Pylon  
  72  5:08  Protoss Ground Weapons Level 1, Probe  
  72  5:12  Probe  
  74  5:15  Observer  
  74  5:18  Twilight Council  
  74  5:20  Probe  
  76  5:24  Probe  
  76  5:27  Probe  
  76  5:28  Charge  
  75  5:30  Warp Prism  
  75  5:32  Probe  
  75  5:34  Gateway  
  76  5:36  Probe  
  76  5:38  Gateway  
  76  5:39  Probe  
  80  5:44  Probe  
  80  5:48  Probe  
  82  5:51  Probe  
  82  5:54  Gateway  
  82  5:55  Gateway  
  83  5:59  Templar Archives, Probe  
  84  6:05  Assimilator, Probe  
  84  6:07  Probe  
  84  6:09  Assimilator  
  84  6:10  Zealot, Pylon  
  88  6:14  Zealot  
  88  6:15  Probe  
  88  6:18  Pylon  
  91  6:19  Probe  
  91  6:21  Probe  
  91  6:24  Gateway  
  93  6:28  Probe  
  94  6:32  Pylon  
  94  6:35  High Templar  
  94  6:36  High Templar, Zealot x3  
  94  6:38  Probe  
  105  6:43  Archon  
  102  6:48  Pylon  
  102  6:50  Photon Cannon  
  102  6:51  High Templar x2  
  110  6:54  Immortal  
  110  6:55  Archon  
  110  6:56  Zealot x2  
  110  6:57  Zealot  
  116  7:01  Pylon  
  116  7:21  High Templar x2, Protoss Ground Weapons Level 2  
  120  7:23  Immortal, Probe  
  125  7:47  Photon Cannon x2  
  125  7:48  Nexus  
  125  7:49  Photon Cannon  
  125  7:50  Pylon  
  125  7:52  Zealot x6  
  137  8:05  Pylon  
  141  8:08  Probe x3  
  141  8:09  Pylon  
  144  8:14  Immortal  
  144  8:16  High Templar x2  
  146  8:20  Zealot  
  146  8:26  Psionic Storm  
  148  8:29  Photon Cannon, Probe x2  
  148  8:30  Probe  
  148  8:31  Gateway  
  149  8:35  Gateway, High Templar x4  
  149  8:40  Photon Cannon  
  157  8:41  Archon  
  157  8:42  Archon  
  157  8:47  Probe x3  
  160  8:55  Phoenix  
  158  8:57  Stalker x3  
  156  9:04  Stalker  
  156  9:09  Stalker x3  
  159  9:13  Stalker  
  161  9:22  Stalker  
  163  9:28  Stalker x2  
  165  9:32  Assimilator  
  165  9:37  Assimilator  
  163  9:39  Stalker  
  165  9:46  Zealot x5  
  165  9:49  Phoenix  
  175  9:56  Probe x2  
  167  10:02  Cybernetics Core  
  167  10:04  Pylon  
  167  10:05  Blink  
  167  10:10  Phoenix  
  164  10:16  Probe  
  164  10:18  Probe  
  164  10:19  Probe  
  164  10:20  Probe  
  164  10:27  Phoenix  
  161  10:33  Probe  
  161  10:34  Probe  
  165  10:36  Probe  
  165  10:40  Stalker x3  
  165  10:41  Probe  
  169  10:45  Stalker  
  169  10:47  Probe  
  148  10:57  Stalker  
  148  10:58  Stalker x2  
  151  11:08  Probe x2  
  151  11:09  Probe x2  
  147  11:14  Zealot x5  
  157  11:20  Probe  
  157  11:25  Stalker x3  
  153  11:32  Probe x3  
  151  11:33  Probe  
  151  11:37  High Templar x2  
  151  11:38  Zealot x2  
  160  11:44  Probe x2  
  162  11:49  Warp Prism  
  162  11:53  Pylon  
  160  11:55  Pylon  
  160  11:56  Pylon  
  160  11:58  Pylon  
  162  12:04  Photon Cannon  
  162  12:07  High Templar x3  
  168  12:12  Archon  
  168  12:16  Stalker x2  
  168  12:22  Pylon  
  170  12:27  High Templar x2  
  165  12:33  Zealot x3  
  171  12:40  High Templar x2  
  171  12:41  Zealot x3  
  178  12:45  Archon  
  171  13:00  Archon  
  171  13:01  Archon  
  171  13:02  Zealot x2  
  171  13:03  Stalker x3  
  131  13:13  Zealot x4  
  131  13:27  Nexus  
  131  13:33  High Templar x4  
  137  13:45  Pylon  
  137  13:51  Zealot x2  
  137  13:52  Zealot x2  
  145  14:09  Stalker x4  
  151  14:15  Stalker x4  
  159  14:19  Zealot  
  117  14:35  Zealot x3  
  117  14:38  Zealot x3, Probe  
  121  14:44  Zealot  
  122  14:50  High Templar  
  124  14:57  High Templar x3  
  130  15:02  Zealot x3  
  130  15:06  Zealot  
  138  15:15  Probe x4  
  138  15:27  Probe x4  
  140  15:31  Warp Prism  
  140  15:39  High Templar x4  
  148  15:48  Archon x2  
  148  15:49  Gateway  
  138  15:50  Gateway  
  138  15:54  Zealot x2  
  140  16:01  Zealot x2  
  141  16:07  Observer  
  113  16:31  High Templar  
  113  16:32  High Templar, Zealot x5  
  125  16:37  Archon  
  125  16:38  Archon  
  125  16:50  Nexus  
  125  16:52  Pylon  
  125  16:56  Zealot x5  
  125  16:57  Pylon  
Tags
 
Add a new tag
Caveats
  • Supply blocks, unpowered buildings, or Contaminate may cause inaccurate times.
  • Supply counts are checked every 10 seconds.